 Dungeon Crawl Stone Soup version 0.24.0-37-gcf1ca852f1 (webtiles) character file.

Game seed: 18242309646271015647, levelgen mode: deterministic

4 sankara the Vandal (level 1, -3/18 HPs)
             Began as a Minotaur Hunter on Dec 5, 2019.
             Slain by a kobold
             ... wielding a +0 whip
              (4 damage)
             ... on level 1 of the Dungeon.
             The game lasted 00:00:58 (110 turns).

sankara the Vandal (Minotaur Hunter)                 Turns: 110, Time: 00:00:59

Health: -3/18      AC:  3    Str: 16    XL:     1   Next: 50%
Magic:  6/9        EV: 12    Int:  8    God:
Gold:   0          SH:  0    Dex: 10    Spells: 0/0 levels left

rFire    . . .     SeeInvis .   b - +0 short sword
rCold    . . .     Gourm    .   (no shield)
rNeg     . . .     Faith    .   c - +0 leather armour
rPois    .         Spirit   .   (helmet restricted)
rElec    .         Reflect  .   (no cloak)
rCorr    .         Harm     .   (no gloves)
MR       .....                  (no boots)
Stlth    +.........             (no amulet)
HPRegen  0.06/turn              g - ring of magical power
MPRegen  0.11/turn              (no ring)

@: no status effects
A: retaliatory headbutt, horns 2
a: no special abilities


You were on level 1 of the Dungeon.
You were not hungry.

You visited 1 branch of the dungeon, and saw 1 of its levels.

Inventory:

Hand Weapons
 a - a +1 hunting sling
 b - a +0 short sword (weapon)
Missiles
 d - 18 sling bullets
 e - 21 stones (quivered)
Armour
 c - a +0 leather armour (worn)
Jewellery
 g - a ring of magical power (left hand)
Comestibles
 f - a ration


   Skills:
 + Level 2.6 Fighting
 * Level 4.5 Slings
 - Level 2.1 Dodging
 - Level 0.7 Stealth


You couldn't memorise any spells.
You didn't know any spells.
Your spell library was empty.

Dungeon Overview and Level Annotations

Branches:
Dungeon (1/15)

Altars:


Innate Abilities, Weirdness & Mutations

You reflexively headbutt those who attack you in melee.
You have a pair of horns on your head.


Message History

The hobgoblin is severely wounded.
The kobold hits you with a +0 whip.
The hobgoblin hits you but does no damage.
The kobold completely misses you.
You hit the hobgoblin but do no damage. Your headbutt misses the hobgoblin.
The hobgoblin is severely wounded.
The kobold misses you. You furiously retaliate!
You headbutt the kobold.
The hobgoblin hits you with a cursed -1 club.
* * * LOW HITPOINT WARNING * * *
You hit the hobgoblin but do no damage. Your headbutt misses the hobgoblin.
The hobgoblin is severely wounded.
The kobold hits you with a +0 whip.
* * * LOW HITPOINT WARNING * * *
The hobgoblin completely misses you. You furiously retaliate!
You headbutt the hobgoblin.
You kill the hobgoblin!
You closely miss the kobold.
The kobold is moderately wounded.
The kobold hits you with a +0 whip.
You die...

+...#........ #h#.#c#
#.#.)...####..###.### #
#.#...........#o#.#H#.#
#.#####.(#....###'###.#
#.#
#.........#[#...####
#.#
#.#.#####...........
#.# #.#.# ##+##...#####
#.# #.#K# #.......# #.#
K.#@# #.......#
#.#######)####.......#
#....................#
#########.############
#.# #.# #)# #.# #+#


You could see a kobold.

Vanquished Creatures
  2 hobgoblins (D:1)
  A kobold (D:1)
3 creatures vanquished.

Notes
Turn   | Place    | Note
-------+----------+-------------------------------------------
     0 | D:1      | sankara the Minotaur Hunter began the quest for the Orb.
     0 | D:1      | Reached XP level 1. HP: 18/18 MP: 0/0
     2 | D:1      | Noticed a naga
     2 | D:1      | Noticed an elf
     4 | D:1      | Noticed an octopode
     4 | D:1      | Noticed an ogre
     6 | D:1      | Noticed a troll
     8 | D:1      | Noticed a halfling
     8 | D:1      | Noticed a dwarf
    10 | D:1      | Noticed a vine stalker
    12 | D:1      | Noticed a demonspawn
    12 | D:1      | Noticed a spriggan
    14 | D:1      | Noticed a ghoul
    14 | D:1      | Noticed a formicid
    16 | D:1      | Noticed a human
    16 | D:1      | Noticed a merfolk
    18 | D:1      | Noticed a gargoyle
    18 | D:1      | Noticed a draconian
    20 | D:1      | Noticed a tengu
    22 | D:1      | Noticed a vampire
    22 | D:1      | Noticed a demigod
    24 | D:1      | Noticed a felid
    24 | D:1      | Noticed a centaur
    26 | D:1      | Noticed a minotaur
   110 | D:1      | Slain by a kobold

Levels and vault maps discovered:
D:1:      kb_arrival_jail, layout_basic

Action                   || total
-------------------------++-------
Melee: Short sword       ||    13
       Headbutt          ||     1
 Fire: Hunting sling     ||     3
Armor: Leather armour    ||     4
Dodge: Dodged            ||    12
